 Dungeon Crawl Stone Soup version 0.30.1-4-g462c640d31 (webtiles) character file.

Game seed: 4896611765866753175

28 mortz the Conjurer (level 3, -5/19 HPs)
             Began as a Kobold Conjurer on Sept 12, 2023.
             Killed by nerve-wracking pain
             ... invoked by Grinder
              (11 damage)
             ... on level 3 of the Dungeon.
             The game lasted 00:07:13 (2061 turns).

mortz the Conjurer (Kobold Conjurer)                Turns: 2061, Time: 00:07:13

Health: -5/19      AC:  4    Str:  4    XL:     3   Next: 30%
Magic:  2/6        EV: 15    Int: 21    God:
Gold:   160        SH:  0    Dex: 13    Spells: 4/7 levels left

rFire   . . .        i - +0 dagger (speed)
rCold   . . .        (no shield)
rNeg    . . .        a - +0 robe
rPois   .            o - +1 helmet
rElec   .            (no cloak)
rCorr   .            (no gloves)
SInv    .            (no boots)
Will    .....        (no amulet)
Stlth   +++          (no ring)
HPRegen 0.23/turn    (no ring)
MPRegen 0.10/turn

%: no passive effects
@: no status effects
A: small, no large weapons, nightstalker 3
a: no special abilities


You were on level 3 of the Dungeon.
You visited 1 branch of the dungeon, and saw 3 of its levels.

You collected 160 gold pieces.

Inventory:

Hand Weapons
 h - a +0 whip
 i - a +0 dagger of speed (weapon)
 k - a +0 spear
Armour
 a - a +0 robe (worn)
 e - a +0 leather armour
 o - a +1 helmet (worn)
Magical Staves
 c - a staff of air
Jewellery
 d - a ring of ice
 j - an amulet of faith
Scrolls
 n - a scroll of poison
Potions
 b - a potion of magic
 f - 2 potions of might
 g - 2 potions of haste
 m - a potion of invisibility


   Skills:
 + Level 3.0 Dodging
 + Level 3.3 Stealth
 + Level 2.6 Spellcasting
 + Level 4.2 Conjurations


You had 4 spell levels left.
You knew the following spells:

 Your Spells              Type           Power      Damage    Failure   Level
a - Magic Dart            Conj           80%        1d7       2%          1
b - Searing Ray           Conj           40%        2d5       3%          2

Your spell library contained the following spells:

 Spells                   Type           Power      Damage    Failure   Level
 Necrotise                Necr           8%         1d4       14%         1
 Dazzling Flash           Conj/Hex       22%        N/A       17%         3
 Vampiric Draining        Necr           2%         2d6       38%         3
 Fulminant Prism          Conj/Hex       5%         3d7       50%         4
 Iskenderun's Mystic Bla  Conj/Tloc      11%        2d4       50%         4
 Agony                    Necr           2%         N/A       98%         5


Dungeon Overview and Level Annotations

Branches:
Dungeon (3/15) Zot: 15942

Altars:

Shops:
D:1 =

Annotations:
D:3 Grinder


Innate Abilities, Weirdness & Mutations

You are small and have problems with some larger weapons.
You are completely attuned to the shadows.


Message History

You climb upwards.
There is a stone staircase leading down here.
There is a stone staircase leading down, spattered with blood here.
You see here a +0 whip.
You climb downwards.
You hear the sound of rushing water.
There is an entrance to a sewer on this level.
Hurry and find it before the portal rusts away!
There is a stone staircase leading up here.
You hear the slow rusting of a very distant drain.
You hear the slow rusting of a very distant drain.
Found 7 stones.
A bat comes into view.
You hit the bat.
You kill the bat!
You see here a bat corpse.
A ball python comes into view.
The helpless ball python fails to defend itself.
You puncture the ball python!
You kill the ball python!
You see here a ball python corpse.
Found a stone staircase leading down.
You hear the slow rusting of a very distant drain.
Grinder comes into view.
Grinder shouts!
Grinder drinks a potion.
Grinder flickers and vanishes!
Deactivating autopickup; reactivate with Ctrl-A.
You hit something.
Casting: Searing Ray (safe; 3% risk of failure)
Confirm with . or Enter, or press ? or * to list all spells.
Okay, then.
Casting: Searing Ray (safe; 3% risk of failure)
Confirm with . or Enter, or press ? or * to list all spells.
Aiming: Searing Ray (safe; 3% risk of failure)
Press: ? - help, Shift-Dir - straight line, f - you The searing ray hits something.
Pain shoots through your body!
Ouch! That really hurt!
The searing ray hits something.
Something completely misses you. Pain shoots through your body!
Ouch! That really hurt!
You die...

### ###
#.#########.#
#...........#####
#.####..........#
####.#####.###.#.###
.......##...##.#.#
####.###.....###.#
#.# #.# #.# #@# .#
#.# #.# #.# #.#


There were no monsters in sight!

Vanquished Creatures
  2 worms (D:2)
  3 ball pythons
  An endoplasm (D:2)
  3 goblins (D:1)
  5 hobgoblins
  5 bats
  3 kobolds (D:2)
22 creatures vanquished.

Notes
Turn   | Place    | Note
-------+----------+-------------------------------------------
     0 | D:1      | mortz the Kobold Conjurer began the quest for the Orb.
     0 | D:1      | Reached XP level 1. HP: 10/10 MP: 3/3
   329 | D:1      | Found Mosos's Jewellery Boutique.
   418 | D:1      | Reached XP level 2. HP: 15/15 MP: 3/5
   574 | D:1      | Found a faded altar of an unknown god.
  1111 | D:2      | Learned a level 2 spell: Searing Ray
  1337 | D:2      | Reached XP level 3. HP: 19/19 MP: 1/6
  2055 | D:3      | Noticed Grinder
  2061 | D:3      | Killed from afar by Grinder

Illustrated notes

Levels and vault maps discovered:
D:1:      minmay_arrival_four_circles, layout_basic,
          ebering_ecumenical_altar_webs, serial_shops, shop
D:2:      cheibrodos_helix_gallery, layout_basic, kennysheep_nub,
          nicolae_elevator_lobby_asterisk
D:3:      layout_basic, lemuel_round_altar, portal_sewer_entry_b, uniq_grinder,
          uniq_ijyb

Skill      XL: |  1  2  3 |
---------------+----------+-----
Stealth        | 3 |  3.3
Dodging        | 3 |  3.0
Spellcasting   | |  2.6
Conjurations   | |  4.2

Action                     || total
---------------------------++-------
  Melee: Dagger            ||    15
   Cast: Magic Dart        ||    34
         Searing Ray       ||     2
    Use: Scroll            ||     8
   Stab: Sleeping          ||     2
  Dodge: Dodged            ||     9
